 Dungeon Crawl Stone Soup version 0.21-a0-95-g06f091e (webtiles) character file.

368738 grindst0ne the Executioner (level 23, -11/186 HPs)
             Began as a Formicid Fighter on July 4, 2017.
             Was an Elder of Makhleb.
             Mangled by a vampire knight
             ... wielding a +0 dire flail
              (20 damage)
             ... on level 1 of the Depths.
             The game lasted 03:00:41 (48394 turns).

grindst0ne the Executioner (Formicid Fighter)      Turns: 48394, Time: 03:00:41

Health: -11/186    AC: 33    Str: 25    XL:     23   Next: 67%
Magic:  36/36      EV:  3    Int: 10    God:    Makhleb [****..]
Gold:   2482       SH: 17    Dex: 12    Spells: 18/22 levels left

rFire    + + .     SeeInvis +   l - +4 executioner's axe (flame)
rCold    . . .     Gourm    .   H - +4 large shield "Uvaloca" {rElec}
rNeg     . . .     Faith    .   a - +11 crystal plate armour of the Hidden Deaths {rPois rF++ rCorr Int-2 SInv}
rPois    +         Spirit   .   (helmet unavailable)
rElec    +         Reflect  .   Z - scarf {repulsion}
rCorr    +         Harm     .   S - +2 pair of gloves
MR       ++...                  e - +2 pair of boots {Stlth+}
Stlth    ..........             G - amulet of Vitality {Regen+ HP+15}
HPRegen  0.81/turn              s - +4 ring of evasion
MPRegen  0.25/turn              N - +5 ring of slaying

@: extremely drained, repel missiles
A: permanent stasis, dig shafts and tunnels, four strong arms, antennae 3
}: 2/15 runes: decaying, serpentine
a: Dig, Shaft Self, Minor Destruction, Lesser Servant of Makhleb, Major
Destruction, Renounce Religion


You were on level 1 of the Depths.
You worshipped Makhleb.
Makhleb was greatly pleased with you.
You were not hungry.

You visited 7 branches of the dungeon, and saw 38 of its levels.
You also visited: Labyrinth, Sewer, Ossuary and Ice Cave.

You collected 4063 gold pieces.
You spent 1581 gold pieces at shops.

Inventory:

Hand Weapons
 l - a +4 executioner's axe of flaming (weapon)
Armour
 a - the +11 crystal plate armour of the Hidden Deaths (worn) {rPois rF++ rCorr Int-2 SInv}
   (You acquired it on level 2 of the Swamp)

   It affects your intelligence (-2).
   It greatly protects you from fire.
   It protects you from poison.
   It lets you see invisible.
   It protects you from acid and corrosion.
 e - a +2 pair of boots of stealth (worn)
 H - the +4 large shield "Uvaloca" (worn) {rElec}
   (You bought it in a shop on level 2 of the Orcish Mines)

   It insulates you from electricity.
 S - a +2 pair of gloves (worn)
 W - a +1 cloak of magic resistance
 Z - a scarf of repulsion (worn)
Jewellery
 k - an uncursed ring of resist corrosion
 s - a +4 ring of evasion (left hand)
 A - the amulet of Cemohen {Gourm rC- Str+4 Int+6 Dex-3}
   (You acquired it on level 1 of the Snake Pit)

   [amulet of the gourmand]

   It allows you to eat raw meat even when not hungry.
   It affects your strength (+4).
   It affects your intelligence (+6).
   It affects your dexterity (-3).
   It makes you vulnerable to cold.
 G - the amulet of Vitality (around neck) {Regen+ HP+15}
   (You took it off Nessos on level 6 of the Lair of Beasts)

   [amulet of regeneration]

   It affects your health (+15).
   It increases your rate of regeneration.
 N - a +5 ring of slaying (right hand)
 U - an uncursed ring of protection from cold
Wands
 b - a wand of acid (6/15)
 d - a wand of flame (18/48)
 i - a wand of acid (8/15)
 t - a wand of paralysis (17/24)
 x - a wand of scattershot (1/9)
 R - a wand of clouds (1/9)
 V - a wand of polymorph (9/24)
Scrolls
 c - a scroll of holy word
 v - a scroll of brand weapon
 y - 17 scrolls of remove curse
 C - 8 scrolls of enchant armour
 E - 8 scrolls of magic mapping
 F - 7 scrolls of recharging
 I - a scroll of fog
 K - 4 scrolls of identify
 L - a scroll of silence
 O - 4 scrolls of amnesia
Potions
 g - 6 potions of brilliance
 j - a potion of might
 m - 11 potions of flight
 w - 7 potions of lignification
 B - 3 potions of mutation
 T - 2 potions of agility
 X - 3 potions of magic
Books
 Y - a book of the Warp

   Spells                             Type                      Level
   a - Gell's Gravitas                Translocation                3
   b - Portal Projectile              Hexes/Translocation          3
   c - Force Lance                    Conjuration/Translocation    4
   d - Dispersal                      Translocation                6
   e - Controlled Blink               Translocation                8
   f - Disjunction                    Translocation                8
Miscellaneous
 q - a lightning rod (3/4)
 r - a phantom mirror
 z - 2 sacks of spiders
 M - a lamp of fire (inert)
 P - a fan of gales
Comestibles
 f - 4 bread rations
 n - 23 meat rations
 u - 20 fruits
 J - 12 royal jellies


   Skills:
 - Level 12.0(0.0) Fighting
 + Level 22.1(6.7) Axes
 + Level 17.6(3.5) Armour
 - Level 7.0(0.0) Dodging
 - Level 15.0(1.7) Shields
 - Level 11.0(0.0) Translocations
 - Level 19.3(4.7) Invocations
 - Level 7.0(0.0) Evocations


You had 18 spell levels left.
You knew the following spells:

 Your Spells              Type           Power        Failure   Level  Hunger
a - Passage of Golubria   Tloc           N/A          100%        4    #####..


Dungeon Overview and Level Annotations

Branches:
Dungeon (15/15)            Temple (0/1) D:6            Lair (6/6) D:10
  Swamp (4/4) Lair:3        Snake (4/4) Lair:2        Slime (0/5) Lair:5
    Orc (2/2) D:12            Elf (0/3) Orc:2        Vaults (4/5) D:14
  Crypt (0/3) Vaults:2     Depths (3/5) D:15

Altars:
Ashenzari
Cheibriados
Elyvilon
Fedhas
Gozag
Hepliaklqana
Kikubaaqudgha
Makhleb
Okawaru
Ru
Vehumet
Xom
Zin
The Shining One
Beogh
Jiyva

Shops:
D:7 *   D:13 [%   D:15 ((   Orc:2 [[}(   Snake:1 [?}[   Vaults:3 *

Portals:
Hell: Depths:1
Abyss: Depths:1
Ziggurat: Depths:1

Annotations:
D:8 1 runed door
Orc:2 exclusion: upstairs


Innate Abilities, Weirdness & Mutations

You cannot be hasted, slowed, berserked, paralysed or teleported.
You can dig through walls and to a lower floor.
Your four strong arms can wield two-handed weapons with a shield.
You have a pair of large antennae on your head. (SInv)


Message History

* * * LOW HITPOINT WARNING * * *
The vampire knight draws life force from you and is healed!
You block the vampire knight's attack. x2
You closely miss the vampire knight.
The vampire knight is heavily damaged.
The vampire knight hits you with a dire flail!!
* * * LOW HITPOINT WARNING * * *
The vampire knight bites you but does no damage.
The vampire knight hits you with a dire flail!
* * * LOW HITPOINT WARNING * * *
The vampire knight bites you.
* * * LOW HITPOINT WARNING * * *
The vampire knight draws strength from your injuries!
A demon appears!
You can no longer summon a greater servant of Makhleb.
The vampire knight mumbles some strange words.
The vampire knight seems to speed up.
A demon appears!
The vampire knight hits you with a dire flail!!
You die...

..### #..#..'.....'..#. ..#.##
##..####.###.#'##. #[.#.# #....#
#.#(#.#)#.. #.#### #....#
#...#!#.#.. #.#### ###..#
#####'###.. #....##
###..######...##.. ...#[.##
#....'....'...##.. .####..#######
#4...######..?##.. ##
##.......###@...#######'###..
####.....##V...##..∩.#.#(#..
#.#...#.3...##..#.#.#.#..
####..#.......####...#.#'##.
#.....#.......#..'...'.'..#.
#######....#...##[#[.#######./#.
#..=...##..#...##.####.....####(
#..#.....##.[................(((
##..#.......................(.>([


You could see a vampire knight (invisible), a friendly hellwing and a friendly
neqoxec.

Vanquished Creatures
  Bai Suzhen (Vaults:4)
  Saint Roka (Vaults:1)
  Nikola (Vaults:1)
  A tentacled monstrosity (Swamp:4)
  An Ice Fiend (IceCv)
  2 sphinxes (Depths:1)
  The ghost of braks the Basher, an adept TrHu of Ashenzari (Swamp:4)
  2 thorn hunters
  A tengu reaver (Vaults:4)
  A storm dragon (Depths:1)
  14 nagarajas
  2 deep elf sorcerers
  A fire giant (Depths:2)
  11 vault wardens
  An orc warlord (D:11)
  A spriggan defender (Depths:2)
  9 stone giants
  9 ironheart preservers
  A war gargoyle (Vaults:3)
  11 very ugly things
  A deep elf demonologist (Vaults:3)
  A vampire knight (Vaults:2)
  Nessos (Lair:6)
  3 ettins
  3 deep elf death magi (Vaults:2)
  A minotaur (Lab)
  A quicksilver dragon zombie (Depths:1)
  2 green deaths (Swamp:4)
  3 fire dragons
  A jiangshi (Depths:2)
  6 yaktaur captains
  18 vault guards
  22 naga warriors
  4 ice dragons
  6 great orbs of eyes
  Erolcha (D:9)
  13 hydras
  A catoblepas (D:14)
  20 centaur warriors
  47 two-headed ogres
  2 ghost crabs
  8 anacondas
  A death knight (Vaults:1)
  9 alligators
  13 ogre magi
  4 vampire magi
  4 death yaks
  Urug (D:12)
  5 shock serpents
  A salamander mystic (Snake:3)
  Nergalle (Lair:2)
  4 naga sharpshooters
  8 deep elf knights
  A fire crab (shapeshifter) (Vaults:2)
  3 shadow wraiths (Vaults:4)
  8 sea snakes (Snake:4)
  6 unseen horrors
  A spriggan druid (Swamp:3)
  3 flayed ghosts
  4 wizards
  2 deep trolls (Orc:2)
  A glowing orange brain (Vaults:3)
  11 swamp dragons
  4 deep elf archers
  4 naga ritualists
  4 harpies (Vaults:3)
  A shambling mangrove (Swamp:1)
  2 phantasmal warriors (Vaults:2)
  17 ironbrand convokers
  28 ugly things
  8 mana vipers
  A harpy (shapeshifter) (Depths:2)
  4 necromancers
  A wolf spider zombie (D:9)
  12 orc knights
  9 deep elf magi
  2 wolf spiders
  An orc sorcerer (Vaults:1)
  8 cyclopes
  11 salamanders
  3 manticores
  2 ice statues (IceCv)
  A sphinx skeleton (Depths:2)
  A guardian serpent (shapeshifter) (D:14)
  A stone giant skeleton (Depths:1)
  13 vault sentinels
  Joseph (D:9)
  An elephant (Lair:1)
  12 guardian serpents
  16 naga magi
  37 black mambas
  2 orange demons (Swamp:4)
  A gargoyle (D:12)
  34 spiny frogs
  A yaktaur (shapeshifter) (Vaults:2)
  An elf zombie (Depths:2)
  2 rime drakes
  5 freezing wraiths
  A kobold demonologist (D:12)
  2 komodo dragons
  13 ice devils (IceCv)
  4 tengu conjurers
  15 trolls
  49 yaktaurs
  A jumping spider (shapeshifter) (Vaults:4)
  A meliai (shapeshifter) (Vaults:3)
  17 hornets
  A meliai (D:14)
  A tengu simulacrum (Vaults:1)
  A deep troll zombie (Depths:1)
  12 tyrant leeches
  2 polar bears (Lair:6)
  31 blink frogs
  69 slime creatures
  A blink frog (shapeshifter) (Vaults:4)
  16 hippogriffs
  11 bog bodies
  A harpy skeleton (D:14)
  6 dream sheep (Lair:6)
  A shadow dragon simulacrum (Vaults:3)
  A spriggan zombie (Depths:2)
  9 large abominations
  7 shadows
  41 yaks
  7 spriggans
  2 tarantellas (shapeshifter) (D:13)
  3 small abominations (Depths:1)
  4 water elementals
  3 wyverns
  2 hogs (shapeshifter)
  A yak (shapeshifter) (Depths:1)
  An ettin skeleton (Depths:1)
  3 wraiths
  2 hungry ghosts
  2 basilisks
  Grum (D:11)
  5 wargs
  15 vampire mosquitoes
  21 insubstantial wisps
  3 chaos spawn (Depths:1)
  61 nagas
  A soldier ant (D:11)
  22 swamp worms
  An acid dragon (D:11)
  2 hell hounds (D:10)
  17 water moccasins
  55 orc warriors
  14 porcupines
  A black bear (D:6)
  3 swamp drakes
  2 sky beasts
  An eye of draining (D:14)
  A phantom (D:13)
  3 ice beasts
  An ogre (shapeshifter) (Vaults:3)
  20 wolves
  51 ogres
  11 crocodiles
  43 centaurs
  A crocodile (shapeshifter) (Vaults:3)
  4 big kobolds
  27 bullfrogs
  A gnoll sergeant (D:8)
  2 elf simulacra
  A wyvern skeleton (D:12)
  17 scorpions
  14 killer bees
  12 wights
  A howler monkey (D:5)
  2 electric eels (Lair:6)
  4 crimson imps
  3 human zombies (Ossuary)
  3 quasits
  A human simulacrum (Vaults:3)
  8 centaur zombies
  8 hounds
  5 jellies
  6 centaur skeletons
  29 orc priests
  28 orc wizards
  2 bullfrog skeletons
  12 iguanas
  An iron imp (Depths:1)
  Jessica (D:3)
  Ijyb (D:3)
  9 worker ants
  5 big kobold zombies (Ossuary)
  A hound zombie (D:5)
  2 hound skeletons (D:4)
  3 mummies (Ossuary)
  2 howler monkey zombies
  A worker ant zombie (D:11)
  8 gnolls
  A howler monkey skeleton (D:10)
  A scorpion zombie (Ossuary)
  16 adders
  7 shadow imps
  7 white imps (IceCv)
  5 ufetubi (IceCv)
  2 oozes
  3 adder zombies
  An adder skeleton (D:8)
  2 worms
  2 dart slugs (D:3)
  5 leopard geckos
  139 orcs
  10 bats
  6 giant cockroaches
  A gnoll zombie (Ossuary)
  10 goblins
  6 hobgoblins
  8 jackals
  14 kobolds
  8 quokkas
  2 ball pythons
  A frilled lizard (D:2)
  2 goblin zombies (Ossuary)
  A hobgoblin zombie (Ossuary)
  A jackal skeleton (D:5)
  3 kobold zombies (Ossuary)
  A leopard gecko skeleton (D:6)
  An orc zombie (Ossuary)
  A quokka skeleton (D:5)
  A quokka zombie (D:5)
  14 rats
  4 crawling corpses (Vaults:2)
  8 fungi
1797 creatures vanquished.

Vanquished Creatures (collateral kills)
  An Ice Fiend (IceCv)
  Kirke (D:12)
  An ironheart preserver (Vaults:3)
  A very ugly thing (Swamp:2)
  A deep elf death mage (Vaults:2)
  A yaktaur captain (Vaults:3)
  A vault guard (Vaults:4)
  2 rakshasas (Depths:2)
  A hydra (Swamp:2)
  A naga warrior (Snake:4)
  A two-headed ogre (D:8)
  A death yak (Lair:3)
  A death knight (D:9)
  An alligator (Swamp:4)
  A spriggan berserker (Depths:2)
  2 deep elf knights (Vaults:3)
  A sea snake (Snake:4)
  A phantasmal warrior (D:8)
  A deep elf archer (Vaults:2)
  A shambling mangrove (Swamp:2)
  An ironbrand convoker (Vaults:1)
  A deep elf mage (Vaults:2)
  A guardian serpent (Snake:4)
  3 naga magi (Snake:4)
  A yaktaur (Depths:2)
  A komodo dragon (Lair:1)
  4 hornets
  2 bog bodies
  A wraith (D:9)
  2 spriggans
  A hungry ghost (D:8)
  A swamp worm (Swamp:2)
  A naga (Snake:4)
  2 orc warriors (Vaults:1)
  A boggart (Depths:2)
  A centaur (D:12)
  An ogre (D:8)
  A crocodile (Lair:3)
  A bullfrog (D:8)
  A bullfrog zombie (D:12)
  A worker ant (D:12)
  A shadow imp (D:8)
  2 orcs (Vaults:2)
54 creatures vanquished.

Vanquished Creatures (others)
  An ogre mage (Vaults:2)
  A hornet (Swamp:4)
  5 dream sheep (D:14)
  3 humans (D:12)
  A sky beast (D:14)
  A bullfrog (D:12)
  An orc priest (D:14)
  A bullfrog skeleton (D:12)
  An adder (D:12)
  3 white imps (IceCv)
  3 ufetubi (IceCv)
  A ball lightning (Vaults:2)
  A crawling corpse (Vaults:2)
  16 fungi
  58 plants
97 creatures vanquished.

Grand Total: 1948 creatures vanquished

Notes
Turn   | Place    | Note
-------+----------+-------------------------------------------
     0 | D:1      | grindst0ne the Formicid Fighter began the quest for the Orb.
     0 | D:1      | Reached XP level 1. HP: 18/18 MP: 1/1
   115 | D:1      | Reached XP level 2. HP: 21/24 MP: 2/2
   513 | D:1      | Reached XP level 3. HP: 29/29 MP: 3/3
  1191 | D:2      | Reached XP level 4. HP: 31/36 MP: 4/4
  1200 | D:2      | Reached skill level 5 in Shields
  1994 | D:2      | Reached XP level 5. HP: 42/42 MP: 5/5
  2595 | D:3      | Reached XP level 6. HP: 32/48 MP: 6/6
  2604 | D:3      | Found a burning altar of Makhleb.
  2625 | D:3      | Became a worshipper of Makhleb the Destroyer
  2651 | D:3      | Noticed Jessica
  2658 | D:3      | Killed Jessica
  2758 | D:3      | Noticed Ijyb
  2777 | D:3      | Killed Ijyb
  2835 | D:3      | Found a glowing drain.
  2854 | Sewer    | Entered a sewer
  2935 | Sewer    | Reached * piety under Makhleb
  2957 | Sewer    | Found a white marble altar of Elyvilon.
  3451 | D:3      | Reached XP level 7. HP: 44/55 MP: 7/7
  3453 | D:3      | Reached skill level 5 in Armour
  4208 | D:4      | Found a glowing golden altar of the Shining One.
  4403 | D:4      | Reached skill level 5 in Fighting
  4913 | D:5      | Entered Level 5 of the Dungeon
  5038 | D:5      | Reached ** piety under Makhleb
  5043 | D:5      | Reached XP level 8. HP: 38/64 MP: 8/8
  5284 | D:5      | Found an ancient bone altar of Kikubaaqudgha.
  5555 | D:5      | Found a white marble altar of Elyvilon.
  6118 | D:6      | Found Acacop's Gadget Shoppe.
  6314 | D:6      | Found a staircase to the Ecumenical Temple.
  6491 | D:6      | Reached XP level 9. HP: 73/73 MP: 9/9
  6606 | D:7      | Found Zin's Purification Station.
  6684 | D:6      | Reached *** piety under Makhleb
  6836 | D:7      | Found a glowing silver altar of Zin.
  6930 | D:7      | Found a radiant altar of Vehumet.
  7386 | D:7      | Found a snail-covered altar of Cheibriados.
  7737 | D:7      | Noticed a hippogriff
  7747 | D:7      | Killed a hippogriff
  7930 | D:7      | Reached skill level 1 in Invocations
  7964 | D:7      | Reached skill level 1 in Evocations
  8181 | D:8      | Found a runed door.
  8238 | D:8      | Found a sand-covered staircase.
  8252 | Ossuary  | Entered an ossuary
  8463 | Ossuary  | Reached XP level 10. HP: 83/83 MP: 12/12
  8497 | Ossuary  | Reached **** piety under Makhleb
  9066 | D:8      | Found a runed door.
  9183 | D:8      | Reached skill level 10 in Fighting
  9268 | D:8      | Reached skill level 5 in Evocations
  9326 | D:8      | Noticed a two-headed ogre
  9335 | D:8      | Killed a two-headed ogre
  9335 | D:8      | Reached skill level 5 in Invocations
  9401 | D:8      | Found a hazy altar of Hepliaklqana.
  9410 | D:8      | Found a sacrificial altar of Ru.
  9506 | D:8      | Found a blossoming altar of Fedhas.
  9747 | D:8      | Reached skill level 3 in Axes
 10003 | D:8      | Reached ***** piety under Makhleb
 10156 | D:8      | Noticed a two-headed ogre
 10182 | D:8      | Reached skill level 4 in Axes
 10208 | D:8      | Killed a two-headed ogre
 10208 | D:8      | Reached XP level 11. HP: 92/92 MP: 15/15
 10436 | D:9      | Noticed Joseph
 10460 | D:9      | Killed Joseph
 10460 | D:9      | Reached skill level 5 in Axes
 10595 | D:9      | Noticed a two-headed ogre
 10598 | D:9      | Noticed Erolcha
 10603 | D:9      | Killed a two-headed ogre
 10617 | D:9      | Killed Erolcha
 10617 | D:9      | Reached skill level 6 in Axes
 10960 | D:9      | HP: 4/93 [hungry ghost (3)]
 11377 | D:9      | Reached skill level 7 in Axes
 11452 | D:9      | Noticed a death knight
 11452 | D:9      | Noticed a phantasmal warrior
 11487 | D:8      | HP: 4/95 [phantasmal warrior[a death knight] (9)]
 11546 | D:8      | HP: 4/95 [phantasmal warrior[a death knight] (13)]
 11546 | D:8      | Killed a phantasmal warrior
 12062 | D:9      | Reached skill level 10 in Armour
 12438 | D:9      | Killed a death knight
 12438 | D:9      | Reached XP level 12. HP: 102/102 MP: 17/17
 12519 | D:9      | Found a shattered altar of Ashenzari.
 12716 | D:10     | Entered Level 10 of the Dungeon
 12744 | D:10     | Reached skill level 8 in Axes
 13021 | D:10     | Reached skill level 9 in Axes
 13130 | D:10     | Found a staircase to the Lair.
 13205 | D:10     | Noticed an unseen horror
 13232 | D:10     | Killed an unseen horror
 13232 | D:10     | Reached skill level 10 in Axes
 13717 | D:10     | Found an opulent altar of Gozag.
 13945 | Lair:1   | Entered Level 1 of the Lair of Beasts
 13990 | Lair:1   | Found a labyrinth entrance.
 13999 | Lab      | Entered a labyrinth
 14603 | Lab      | Noticed a minotaur
 14618 | Lab      | Killed a minotaur
 14618 | Lab      | Reached skill level 11 in Axes
 14634 | Lab      | Got an encrusted long sword
 14637 | Lab      | Identified the +3 long sword of Harmony {elec, Fragile rC+ Int+4} (You found it in a labyrinth)
 15304 | Lair:1   | Reached skill level 12 in Axes
 15304 | Lair:1   | Reached XP level 13. HP: 89/108 MP: 18/18
 15480 | Lair:1   | Noticed a six-headed hydra
 15484 | Lair:1   | Killed a six-headed hydra
 16281 | Lair:1   | Reached skill level 13 in Axes
 16718 | Lair:2   | Reached skill level 1 in Dodging
 16990 | Lair:2   | Noticed Nergalle
 17009 | Lair:2   | Killed Nergalle
 17160 | Lair:2   | Found a staircase to the Snake Pit.
 17721 | Lair:3   | Found a staircase to the Swamp.
 17760 | Lair:3   | Reached skill level 14 in Axes
 17984 | Lair:3   | Reached ****** piety under Makhleb
 18811 | Lair:4   | Reached skill level 5 in Dodging
 18971 | Lair:3   | Noticed an Executioner
 18989 | Lair:3   | Reached XP level 14. HP: 37/115 MP: 19/19
 20810 | Lair:5   | Reached skill level 15 in Axes
 21238 | Lair:5   | Found a viscous altar of Jiyva.
 21238 | Lair:5   | Found a staircase to the Slime Pits.
 21373 | Lair:6   | Entered Level 6 of the Lair of Beasts
 21905 | Lair:6   | Noticed Nessos
 21936 | Lair:6   | Killed Nessos
 22097 | Lair:6   | Reached XP level 15. HP: 85/120 MP: 21/21
 22506 | Lair:6   | Reached skill level 16 in Axes
 23151 | D:11     | Found a roughly hewn altar of Beogh.
 23338 | D:11     | Noticed Grum
 23351 | D:11     | Killed Grum
 23452 | D:11     | Found an iron altar of Okawaru.
 23452 | D:11     | Noticed an orc warlord
 23497 | D:11     | Reached skill level 10 in Invocations
 23732 | D:11     | Got an uncursed dazzling executioner's axe {freeze}
 23747 | D:11     | Identified the +0 executioner's axe "Orb Guardian's Peril" {freeze, rC- Str+4} (You took it off a centaur warrior on level 11 of the Dungeon)
 23921 | D:11     | Killed an orc warlord
 23995 | D:11     | Identified the +3 leather armour "Kerphoer" {Slay+2} (You found it on level 11 of the Dungeon)
 24636 | D:12     | Noticed Kirke
 24660 | D:12     | Killed Kirke
 24660 | D:12     | Reached skill level 10 in Shields
 25139 | D:12     | Found a staircase to the Orcish Mines.
 25144 | D:12     | Noticed Urug
 25152 | D:12     | Killed Urug
 25923 | D:13     | Found Impury's Antique Armour Boutique.
 26021 | D:13     | Found Toak Ecsio's Food Boutique.
 26335 | D:14     | Reached XP level 16. HP: 117/127 MP: 23/23
 26378 | D:14     | Found a gate to the Vaults.
 26672 | D:14     | Learned a level 4 spell: Passage of Golubria
 26939 | D:14     | Found a shimmering altar of Xom.
 27271 | D:14     | Reached skill level 1 in Translocations
 27399 | D:15     | Entered Level 15 of the Dungeon
 27540 | D:15     | Found Ynimahos's Antique Weapon Shop.
 27706 | D:15     | Reached skill level 5 in Translocations
 27942 | D:15     | Found Uden Ycs's Antique Weapon Emporium.
 28019 | D:15     | Found a staircase to the Depths.
 28445 | Orc:1    | Entered Level 1 of the Orcish Mines
 28720 | Orc:1    | Found a roughly hewn altar of Beogh.
 28983 | Orc:2    | Entered Level 2 of the Orcish Mines
 29410 | Orc:2    | Found a staircase to the Elven Halls.
 29816 | Orc:2    | Reached XP level 17. HP: 133/133 MP: 24/24
 29938 | Orc:2    | Found Xopiach's Antique Armour Shop.
 29939 | Orc:2    | Found Biboom's Gadget Shoppe.
 30021 | Orc:2    | Found Xohiybrim's Armour Boutique.
 30033 | Orc:2    | Bought a warped large shield for 323 gold pieces
 30036 | Orc:2    | Found Qaoschesh's Weapon Shop.
 30085 | Orc:2    | Identified the +4 large shield "Uvaloca" {rElec} (You bought it in a shop on level 2 of the Orcish Mines)
 30423 | Swamp:1  | Entered Level 1 of the Swamp
 30677 | Swamp:1  | Reached skill level 10 in Translocations
 31390 | Swamp:2  | Noticed a thorn hunter
 31406 | Swamp:2  | Killed a thorn hunter
 31506 | Swamp:2  | Identified a scroll of acquirement
 31512 | Swamp:2  | Got a steaming crystal plate armour
 31523 | Swamp:2  | Identified the +11 crystal plate armour of the Hidden Deaths {rPois rF++ rCorr Int-2 SInv} (You acquired it on level 2 of the Swamp)
 32188 | Swamp:3  | Reached skill level 15 in Shields
 32253 | Swamp:3  | Found a frozen archway.
 32263 | IceCv    | Entered an ice cave
 32426 | IceCv    | Noticed an Ice Fiend
 32452 | IceCv    | Noticed an Ice Fiend
 32478 | IceCv    | HP: 6/133 [??? (3)]
 32492 | IceCv    | Killed an Ice Fiend
 32494 | IceCv    | Killed an Ice Fiend
 33335 | Swamp:4  | Entered Level 4 of the Swamp
 33339 | Swamp:4  | Noticed a thorn hunter
 33354 | Swamp:3  | Reached XP level 18. HP: 140/140 MP: 25/25
 33523 | Swamp:4  | Noticed braks's ghost (adept TrHu)
 33555 | Swamp:4  | HP: 6/140 [spriggan rider/spear (5)]
 33562 | Swamp:4  | HP: 5/140 [bog body (3)]
 34056 | Swamp:4  | Killed braks's ghost
 34189 | Swamp:4  | Reached skill level 17 in Axes
 34717 | Swamp:4  | Got a decaying rune of Zot
 34813 | Swamp:4  | Noticed a tentacled monstrosity
 34826 | Swamp:4  | Killed a tentacled monstrosity
 34991 | Snake:1  | Entered Level 1 of the Snake Pit
 35147 | Snake:1  | Found Baesidu's Gadget Boutique.
 35147 | Snake:1  | Found Nudwoomnah's Magic Scroll Shop.
 35148 | Snake:1  | Found Gyipyrch's Armour Boutique.
 35152 | Snake:1  | Found Owirared's Antique Armour Shop.
 35188 | Snake:1  | Bought a scroll of acquirement for 884 gold pieces
 35191 | Snake:1  | Bought a +2 pair of gloves for 247 gold pieces
 35208 | Snake:1  | Got a steaming diamond amulet
 35210 | Snake:1  | Identified the amulet of Cemohen {Gourm rC- Str+4 Int+6 Dex-3} (You acquired it on level 1 of the Snake Pit)
 35775 | Snake:2  | Reached XP level 19. HP: 141/146 MP: 28/28
 36445 | Snake:2  | Reached skill level 18 in Axes
 37192 | Snake:4  | Entered Level 4 of the Snake Pit
 37738 | Snake:4  | Reached skill level 15 in Invocations
 38113 | Snake:4  | Reached XP level 20. HP: 153/153 MP: 30/32
 38310 | Snake:4  | Got a serpentine rune of Zot
 38866 | Vaults:1 | Entered Level 1 of the Vaults
 38986 | Vaults:1 | Noticed Saint Roka
 39028 | Vaults:1 | Killed Saint Roka
 39028 | Vaults:1 | Reached skill level 19 in Axes
 39250 | Vaults:1 | Noticed Nikola
 39268 | Vaults:1 | Killed Nikola
 40437 | Vaults:2 | Reached XP level 21. HP: 159/159 MP: 34/34
 41721 | Vaults:2 | Found a staircase to the Crypt.
 41821 | Vaults:2 | Reached skill level 20 in Axes
 42350 | Vaults:3 | Found Fostoilu's General Store.
 42364 | Vaults:3 | Bought a scroll of fog for 30 gold pieces
 42364 | Vaults:3 | Bought a potion of flight for 45 gold pieces
 42364 | Vaults:3 | Bought a scroll of magic mapping for 52 gold pieces
 42580 | Vaults:3 | Reached XP level 22. HP: 165/165 MP: 35/35
 43418 | Vaults:4 | Reached skill level 15 in Armour
 43833 | Vaults:4 | Reached skill level 21 in Axes
 44412 | Vaults:4 | Noticed Bai Suzhen
 44430 | Vaults:4 | Killed Bai Suzhen
 44725 | Vaults:1 | Reached XP level 23. HP: 171/171 MP: 36/36
 44836 | Depths:1 | Entered Level 1 of the Depths
 44960 | Depths:1 | Found a one-way gate to the infinite horrors of the Abyss.
 45268 | Depths:1 | Found a gateway to Hell.
 45409 | Depths:1 | Found a gateway to a ziggurat.
 45644 | Depths:1 | Reached skill level 22 in Axes
 46304 | Depths:2 | HP: 9/186 [spriggan defender/rapier of holy wrath[a spriggan defender] (16)]
 46335 | Depths:1 | HP: 1/186 [yaktaur/bolt (12)]
 48394 | Depths:1 | Mangled by a vampire knight

Vault maps used:
D:1:      scummos_arrival_gate, kennysheep_minor_cross
D:3:      first_bread, gup_sewer_entry_pipe, bloody_makhleb, uniq_jessica,
          uniq_ijyb
D:4:      lemuel_crystal_altar
D:5:      kennysheep_little_box, kiku_gazebo_garden_becter, st_stairs_10
D:6:      temple_statues, serial_shops, kennysheep_mini
D:7:      cheibrodos_worm_habitat, vehumet_altar_wand_db, zin_purify,
          grunt_ogre_cave
D:8:      cheibrodos_histonic, amethyst_overflow_temple_binary, enter_ossuary_1,
          corner_web_ring, fedhas_altar_2
D:9:      ashenzari_altar_1, kennysheep_generic_room_9, uniq_joseph,
          uniq_erolcha
D:10:     minmay_lair_entry_lava, special_room, basic_altar,
          lightli_corner_chamber
D:11:     evilmike_iron_armoury, special_room, uniq_grum
D:12:     orc_0_dummy, wad_rectangle_vault, uniq_urug, uniq_kirke
D:13:     serial_shops, shop, shop
D:14:     lightli_vaults_fourway_checkpoint, roderic_bipointed_swastika,
          kb_xom_exploding_sheep
D:15:     grunt_enter_depths_snipers, serial_shops, shop, shop,
          serial_bayou_shore_a
Lair:1:   cheibrodos_lair_river_kwai, lab_entry_generic, serial_bayou_pond_d,
          minmay_stone_trees_small, wad_woods_river_01
Lair:2:   guppyfry_snake_entry_garden, patterned_corridor, grunt_megastairs_2,
          uniq_nergalle
Lair:3:   minmay_swamp_entry_worms
Lair:4:   minivault_25
Lair:5:   dpeg_slime_entry_enclosed_altar, lemuel_fruit_tree, grunt_megastairs_5
Lair:6:   minmay_lair_end_frog_pond, lemuel_fruit_fields, uniq_nessos
Swamp:1:  hangedman_swamp_lotus
Swamp:2:  evilmike_swamp_ruin_rubble_1
Swamp:3:  portal_ice_cave_entry_dragon, evilmike_swamp_ruin_house_1
Swamp:4:  swamp_vile
Snake:1:  serial_bayou_pond_d, minmay_shoptagon
Snake:2:  nicolae_cobra_stairs, stair_cage_wide
Snake:3:  serial_bayou_shore_b
Snake:4:  grunt_snake_rune_pools
Orc:1:    basic_altar
Orc:2:    st_orc_open
Vaults:1: vaults_room_hallway, nicolae_vaults_three_branches,
          vaults_room_door_ring, v_misc_23, nicolae_vaults_network_periphery,
          nicolae_vaults_shelves_hall, vaults_room_stairs_pillars,
          uniq_saint_roka, uniq_nikola
Vaults:2: hangedman_vaults_snaps, nicolae_vaults_angled_halls,
          grunt_vaults_trifunnel, v_misc_8, grunt_vaults_hallway_short,
          v_misc_14, minmay_crypt_entry_simple_corners, v_misc_22,
          nicolae_vaults_big_angled_halls, nicolae_vaults_asterisk,
          nicolae_vaults_little_squares_6, nicolae_vaults_mini_display_case,
          ontoclasm_vaults_gateway
Vaults:3: nicolae_vaults_back_hallway, vaults_dpeg_diagonal,
          nicolae_vaults_network_star, nicolae_vaults_network_quinsquares,
          vaults_room_hallway, vaults_room_door_ring, v_rooms_2,
          stair_cage_open, vaults_mumra_hex, nicolae_vaults_yaktaur_gun_rack,
          v_pattern_3, ontoclasm_vaults_decontamination, serial_shops, shop
Vaults:4: vaults_room_grunt_arrival_ludios, v_misc_19,
          ontoclasm_vaults_ring_small, ontoclasm_vaults_loading_screen,
          vaults_room_stairs_pillars, grunt_vaults_diagonal, v_alt_pattern_2,
          nicolae_vaults_little_squares_6, hangedman_vaults_capsules,
          nicolae_vaults_specimen_jars, nicolae_vaults_ring_of_whatevers,
          vaults_dpeg_cross, v_misc_28, uniq_bai_suzhen
Depths:1: enter_ziggurat_b, grunt_hell_entry_dis_old, minmay_room_of_horrors,
          nicolae_lava_and_water, grunt_decor_fettered,
          serial_sigils_hangedman_stare, grunt_ministairs_4,
          kennysheep_generic_room_3
Depths:2: minmay_guarded_unrand_majin_bo, nicolae_wwwww, hell_entry
Depths:3: hangedman_pleasuredromes, pan_entry, hell_entry, uniq_boris,
          uniq_xtahua
Lab:      labyrinth_mini_lab
Sewer:    sewer_kobolds
Ossuary:  ossuary_minmay_scorpions
IceCv:    ice_cave_small_demon

Skill      XL: |  1  2  3  4  5  6  7  8  9 10 11 12 13 14 15 16 17 18 19 20 21 22 23 |
---------------+----------------------------------------------------------------------+-----
Shields        | 4 5 6 7 12 13 15 | 15.0
Armour         | 4 6 7 9 10 11 12 14 16 17 | 17.6
Fighting       | 4 5 7 9 10 11 12 | 12.0
Invocations    | 3 5 8 10 12 16 18 19 | 19.3
Evocations     | 3 6 7 |  7.0
Axes           | 4 7 12 14 15 16 17 18 19 20 21 22 | 22.1
Dodging        | 5 7 |  7.0
Translocations | 9 11 | 11.0

Action                   |  1- 3 |  4- 6 |  7- 9 | 10-12 | 13-15 | 16-18 | 19-21 | 22-24 || total
-------------------------+-------+-------+-------+-------+-------+-------+-------+-------++-------
Melee: War axe           |    87 |   217 |   388 |   820 |  1144 |       |       |       ||  2656
       Executioner's axe |       |       |       |       |   283 |  1279 |  1098 |   773 ||  3433
       Unarmed           |       |       |       |       |    10 |       |       |       ||    10
Invok: Lesser Servant of |       |       |       |    22 |     6 |    18 |    27 |    30 ||   103
       Greater Servant o |       |       |       |       |     1 |     3 |       |     2 ||     6
 Abil: Dig               |     1 |     5 |     9 |    22 |    49 |    18 |    14 |    33 ||   151
Evoke: Wand              |       |       |       |     5 |    23 |    34 |     1 |     2 ||    65
       Lamp of fire      |       |       |       |       |       |     1 |       |     2 ||     3
       Lightning rod     |       |       |       |       |       |       |       |     1 ||     1
  Use: Scroll            |       |     8 |     6 |     6 |    14 |    21 |     5 |     5 ||    65
       Potion            |       |     4 |     5 |    16 |     6 |     9 |       |     7 ||    47
 Stab: Distracted        |       |       |       |     1 |       |     1 |     6 |     2 ||    10
  Eat: Chunk             |     1 |     9 |    20 |    10 |    44 |    27 |    14 |    16 ||   141
       Bread ration      |       |       |     3 |     5 |       |     3 |     2 |     3 ||    16
Armor: Scale mail        |    43 |    10 |       |       |       |       |       |       ||    53
       Chain mail        |       |    97 |   200 |   254 |       |       |       |       ||   551
       Skin              |       |       |       |     5 |       |       |       |       ||     5
       Plate armour      |       |       |       |   132 |   510 |   355 |       |       ||   997
       Crystal plate arm |       |       |       |       |       |   330 |   378 |   472 ||  1180
Dodge: Dodged            |    29 |    64 |   112 |   210 |   355 |   410 |   289 |   172 ||  1641
       Deflected         |       |       |       |       |       |    22 |    46 |    28 ||    96
Block: Shield            |    52 |   135 |   208 |   464 |   399 |       |       |       ||  1258
       Buckler           |       |       |       |       |   144 |   229 |       |       ||   373
       Large shield      |       |       |       |       |    21 |  1085 |  1444 |  1038 ||  3588
       Reflection        |       |       |       |       |    12 |    14 |       |       ||    26
